 Dungeon Crawl Stone Soup version 0.31-a0-219-g8d62b2e7bb (webtiles) character file.

Game seed: 16468173188452752217

128 qw the Shooter (level 4, -6/37 HPs)
             Began as a Minotaur Hexslinger on July 3, 2023.
             Mangled by a gnoll
             ... wielding a +0 halberd
              (11 damage)
             ... on level 6 of the Dungeon.
             The game lasted 00:00:37 (1989 turns).

qw the Shooter (Minotaur Hexslinger)                Turns: 1989, Time: 00:00:37

Health: -6/37      AC:  2    Str: 12    XL:     4   Next: 87%
Magic:  4/4        EV: 12    Int: 10    God:
Gold:   49         SH:  0    Dex: 15    Spells: 4/5 levels left

rFire   . . .        Y - +1 sling
rCold   . . .        (no shield)
rNeg    . . .        c - +0 robe
rPois   .            (helmet restricted)
rElec   .            (no cloak)
rCorr   .            (no gloves)
SInv    .            (no boots)
Will    .....        (no amulet)
Stlth   +            (no ring)
HPRegen 0.26/turn    (no ring)
MPRegen 0.09/turn

%: no passive effects
@: no status effects
A: horns 2, retaliatory headbutt
a: no special abilities


You were on level 6 of the Dungeon.
You visited 1 branch of the dungeon, and saw 4 of its levels.

You collected 49 gold pieces.


Innate Abilities, Weirdness & Mutations

You have a pair of horns on your head.
You reflexively headbutt those who attack you in melee.


   Skills:
 + Level 2.6 Fighting
 - Level 5.2 Ranged Weapons
 - Level 2.1 Dodging
 - Level 1.0 Spellcasting
 - Level 2.0 Hexes


You had 4 spell levels left.
You knew the following spells:

 Your Spells              Type           Power      Damage    Failure   Level
a - Slow                  Hex            16%        N/A       16%         1

Your spell library contained the following spells:

 Spells                   Type           Power      Damage    Failure   Level
 Inner Flame              Hex/Fire       2%         N/A       56%         3
 Portal Projectile        Hex/Tloc       4%         N/A       56%         3
 Cause Fear               Hex            2%         N/A       83%         4

Inventory:

Hand Weapons
 Y - a +1 sling (weapon)
Armour
 c - a +0 robe (worn)
 d - a +0 pair of gloves
Scrolls
 a - 2 scrolls of identify
Potions
 b - a potion of might
 e - a potion of ambrosia {unknown}
 f - a potion of curing
 h - a potion of magic {unknown}
 i - a potion of berserk rage {unknown}

Dungeon Overview and Level Annotations

Branches:
Dungeon (6/15)
 Temple: D:4-7

Altars:
Fedhas

Shops:
D:2 (

Annotations:
D:3 2 runed translucent doors


Message History

You kill the gnoll!
The gnoll barely misses you.
A gnoll comes into view. It is wielding a +0 halberd.
You shoot a sling bullet.
The sling bullet closely misses the gnoll.
The gnoll shouts!
The gnoll closely misses you.
You shoot a sling bullet.
The sling bullet hits the gnoll but does no damage.
The gnoll barely misses you.
You shoot a sling bullet. The sling bullet hits the gnoll.
The gnoll is heavily wounded.
The gnoll hits you with a +0 flail. The gnoll hits you but does no damage.
You shoot a sling bullet. The sling bullet hits the gnoll.
The gnoll is heavily wounded.
The gnoll misses you. The gnoll hits you with a +0 flail.
You shoot a sling bullet. The sling bullet hits the gnoll.
The gnoll is severely wounded.
The gnoll hits you from afar with a +0 halberd.
The gnoll hits you with a +0 flail.
You shoot a sling bullet.
The sling bullet barely misses the gnoll.
The gnoll barely misses you.
The gnoll hits you from afar with a +0 halberd.
The gnoll barely misses you.
The gnoll hits you from afar with a +0 halberd. x2
The gnoll closely misses you.
1987 ||| DRINKING potion of heal wounds.
You feel much better. The gnoll hits you with a +0 flail!
The gnoll hits you from afar with a +0 halberd.
The gnoll closely misses you.
You shoot a sling bullet.
The sling bullet closely misses the gnoll.
The gnoll closely misses you. The gnoll barely misses you.
The gnoll hits you from afar with a +0 halberd!
You shoot a sling bullet. The sling bullet hits the gnoll.
The gnoll is almost dead.
The gnoll hits you from afar with a +0 halberd!
You die...

.## #...# ##. #..##...#
#.. #......## ####..
#.....# #..#..
######....#########..#..
........................
......gg.###############
.......).# #......@g#
#######?.# #.## #.# #.#
#.# ... ...


You could see 3 gnolls.

Vanquished Creatures
  A bullfrog (D:6)
  A gnoll (D:6)
  2 adders
  A worm (D:2)
  2 dart slugs
  2 endoplasms
  A giant cockroach (D:2)
  4 goblins
  2 hobgoblins
  A ball python (D:1)
  5 bats
  5 frilled lizards
  7 kobolds
  4 rats
38 creatures vanquished.

Notes
Turn   | Place    | Note
-------+----------+-------------------------------------------
     0 | D:1      | qw the Minotaur Hexslinger began the quest for the Orb.
     0 | D:1      | Reached XP level 1. HP: 16/16 MP: 1/1
     0 | D:1      | 0 ||| qw: Version: 0.3-a-40-ge99b1a8
     0 | D:1      | 0 ||| qw: Game counter: 383
     0 | D:1      | 0 ||| qw: Melee chars always use a shield: true
     0 | D:1      | 0 ||| qw: God list: Okawaru
     0 | D:1      | 0 ||| qw: Allow faded altars: false
     0 | D:1      | 0 ||| qw: Do Orc after clearing Dungeon:15 true
     0 | D:1      | 0 ||| qw: Do second Lair branch before Depths: true
     0 | D:1      | 0 ||| qw: Lair rune preference: random
     0 | D:1      | 0 ||| qw: Goals: Normal
     0 | D:1      | 0 ||| PLANNING D:1-11
   241 | D:1      | Reached skill level 3 in Ranged Weapons
   278 | D:1      | Reached XP level 2. HP: 23/23 MP: 2/2
   765 | D:1      | 765 ||| READING 2 scrolls labelled FEN HAASHADD.
   766 | D:1      | 766 ||| READING scroll labelled DULUFF USATASS.
   767 | D:1      | 767 ||| DRINKING 2 orange potions.
   768 | D:1      | 768 ||| DROPPING scroll of poison.
   789 | D:2      | Found Intuh's Antique Weapon Boutique.
   799 | D:2      | 799 ||| SHOPLISTING glowing arbalest (157 gold, have 25).
   874 | D:2      | 874 ||| FLEEEEING.
  1074 | D:2      | Found a faded altar of an unknown god.
  1149 | D:2      | Reached XP level 3. HP: 29/29 MP: 3/3
  1446 | D:2      | Found a blossoming altar of Fedhas.
  1457 | D:2      | Reached skill level 4 in Ranged Weapons
  1686 | D:2      | 1686 ||| READING 2 scrolls labelled MUMMAKLO LESEU.
  1687 | D:2      | 1687 ||| DRINKING 2 bubbling orange potions.
  1688 | D:2      | 1688 ||| DRINKING 2 metallic silvery potions.
  1689 | D:2      | 1689 ||| DROPPING scroll of noise.
  1706 | D:3      | Found a large runed translucent door.
  1706 | D:3      | Found a large runed translucent door.
  1732 | D:3      | You fall into a shaft and drop 3 floors!
  1889 | D:6      | Noticed a bullfrog
  1895 | D:6      | Killed a bullfrog
  1896 | D:6      | Reached skill level 5 in Ranged Weapons
  1896 | D:6      | Reached XP level 4. HP: 19/36 MP: 4/4
  1986 | D:6      | HP: 9/37 [gnoll/+0 halberd (1)]
  1987 | D:6      | 1987 ||| DRINKING potion of heal wounds.
  1989 | D:6      | Mangled by a gnoll

Levels and vault maps discovered:
D:1:      mainiacjoe_arrival_reflecting_pool, layout_basic
D:2:      layout_basic, serial_shops, shop, basic_altar,
          dreamdust_ecumenical_altar_angels_and_demons
D:3:      layout_rooms, jmf_multi_god_temple2
D:6:      layout_cave_pods

Skill      XL: |  1  2  3 |
---------------+----------+-----
Ranged Weapons | 3 5 |  5.2
Fighting       | 2 |  2.6
Dodging        | |  2.1
Spellcasting   | |  1.0
Hexes          | |  2.0

Action                     |  1- 3 |  4- 6 || total
---------------------------+-------+-------++-------
   Fire: Sling             |   112 |    15 ||   127
    Use: Scroll            |     3 |       ||     3
         Potion            |     3 |     1 ||     4
 Armour: Robe              |     9 |     1 ||    10
  Dodge: Dodged            |    22 |    10 ||    32

Table legend:
 A = Non-vault XP
 B = Vault XP
 C = Vault XP percentage of total XP
 D = Non-vault monster count
 E = Vault monster count
 F = Vault count percentage of total count
                 A         B        C        D         E       F
            +---------+---------+-------+---------+---------+-------
      Total |     184 |       0 |   0.0 |      38 |       0 |   0.0
            +---------+---------+-------+---------+---------+-------
        D:1 |      26 |       0 |   0.0 |      19 |       0 |   0.0
        D:2 |      36 |       0 |   0.0 |      13 |       0 |   0.0
        D:3 |       7 |       0 |   0.0 |       3 |       0 |   0.0
        D:6 |     115 |       0 |   0.0 |       3 |       0 |   0.0
            +---------+---------+-------+---------+---------+-------
